[Event "Czech Open-GM 2022"]
[Site "Pardubice"]
[Date "2022.07.25"]
[Round "4.5"]
[White "Nurkiewicz, Maciej"]
[Black "Donchenko, Alexander"]
[Result "0-1"]
[ECO "C88"]
[WhiteElo "2332"]
[BlackElo "2640"]
[Annotator "TA"]
[PlyCount "158"]
[EventDate "2022.07.22"]
[EventType "swiss"]
[EventCountry "CZE"]
[SourceTitle "playchess.com"]
[Source "ChessBase"]
[SourceQuality "1"]
[TimeControl "40/5400+30:1800+30"]

1. e4 e5 2. Nf3 Nc6 3. Bb5 a6 4. Ba4 Nf6 5. O-O Be7 6. Re1 b5 7. Bb3 O-O 8. h3 Bb7 9. d3 d5 $1 {[%emt 0:00:25][%mdl 4] is recently more successful than 9...d6. C88: Closed Ruy Lopez: Anti-Marshall Systems.} 10. Nc3 dxe4 11. dxe4 Nd4 {[%emt 0:00:57] [#]} (11... Qxd1 $142 12. Rxd1 Bd6) 12. Nxe5 $146 ({Predecessor:} 12. Bg5 Nxb3 13. axb3 b4 14. Bxf6 Bxf6 15. Nd5 a5 16. Qd3 Re8 17. Rad1 Qd6 18. Qb5 Bc6 19. Qc4 Rab8 20. Nf4 Bb5 21. Rxd6 Bxc4 22. Rxf6 Bxb3 23. Rf5 f6 24. cxb3 {1-0 (24) Nyudleev,D (2328)-Ioffe,I (2200) Moscow 2016}) 12... Nxb3 13. Qxd8 Rfxd8 14. axb3 b4 15. Nd5 Nxd5 16. exd5 Bxd5 17. Nc4 Bf6 18. Ra5 h6 19. Kf1 Be6 20. Rc5 Rd7 21. Bf4 Bd4 22. Rxc7 Rxc7 23. Bxc7 Bxc4+ 24. bxc4 Bxb2 {[%emt 0:00:04][%mdl 4096] Endgame White must now prevent ...a5. KRB-KRB} 25. Ba5 Rc8 26. Re4 $1 Bc3 27. g4 Rc6 28. Kg2 g6 29. Kf3 Kg7 30. Kg2 f5 31. gxf5 gxf5 32. Rh4 Kg6 {[%emt 0:08:47] ...Bf6 is the strong threat.} (32... Bf6 $5 33. Rf4 Kg6 34. Bxb4 Be5 $15) 33. c5 $1 Rxc5 34. Bxb4 Kg5 35. Bxc5 Kxh4 {[%emt 0:00:02] KB-KB} 36. Be7+ Kh5 37. Kf3 a5 38. Ke2 Kg6 39. Kd3 Be1 40. f3 Kf7 41. Ba3 Ke6 42. Bf8 h5 43. Bg7 Kd5 44. c4+ Kc6 45. Bf8 Bf2 46. Kc2 a4 47. Kc3 Bc5 48. Bg7 Kd7 49. Be5 Ke6 50. Bg7 Bd6 51. Kc2 Be5 52. Bf8 Kf6 53. Bh6 Bd6 54. Be3 Be5 55. Bh6 Ke6 56. Bf8 Bd4 57. Bh6 Bf6 58. Bd2 Kd6 {[%emt 0:01:06] aiming for ...Kc5.} 59. Bb4+ Kc6 {[%emt 0:00:04] [#]} (59... Kd7 $11 {keeps the balance.}) 60. Bf8 ({Only move:} 60. Kb1 $1 $16) 60... Be5 61. Ba3 Bd6 62. Bc1 Bb4 63. Be3 Kd6 64. Bd4 Bc5 65. Bg7 Bf2 66. Kc3 Be1+ 67. Kd4 Bg3 {[%emt 0:01:12] And now ...Ke6 would win.} 68. Bf8+ Ke6 69. Kd3 (69. Kc3 $11 {remains equal.}) 69... Ke5 (69... Bd6 $17 70. Bh6 f4) 70. Bh6 $2 {[%emt 0:00:02][%mdl 8192] This costs White the game.} (70. Bc5 $11 {and White stays safe.}) 70... a3 $19 71. Bg7+ {[%emt 0:01:28] [#]} (71. Kc2 $19 a2 72. Kb3 a1=N+ 73. Kc3 Be1+ 74. Kd3) 71... Kf4 72. Ke2 Bh4 73. c5 Bd8 {[%emt 0:00:31] ( -> ...a2)} 74. Kf2 a2 {[%emt 0:00:41] Threatens to win with ...h4.} 75. c6 Bb6+ {[%emt 0:01:09] Black mates.} 76. Kg2 h4 77. Bf6 Ke3 78. Be5 Kd3 79. f4 Ke4 {[%emt 0:00:10] Weighted Error Value: White=0.05 (flawless) /Black=0.09 (flawless)} ({And not} 79... Bd4 80. Bxd4 Kxd4 81. c7 $11) 0-1

[Event "Czech Open-GM 2022"]
[Site "Pardubice"]
[Date "2022.07.25"]
[Round "4.6"]
[White "Noe, Christopher"]
[Black "Mladek, Richard"]
[Result "1-0"]
[ECO "D37"]
[WhiteElo "2505"]
[BlackElo "2330"]
[Annotator "TA"]
[PlyCount "177"]
[EventDate "2022.07.22"]
[EventType "swiss"]
[EventCountry "CZE"]
[SourceTitle "playchess.com"]
[Source "ChessBase"]
[SourceQuality "1"]
[TimeControl "40/5400+30:1800+30"]

1. d4 d5 2. c4 e6 3. Nf3 Nf6 4. Nc3 Be7 5. Bf4 O-O 6. e3 b6 7. Rc1 Bb7 8. cxd5 {[%emt 0:02:57] D37: Queen's Gambit Declined: 5 Bf4.} Nxd5 9. Nxd5 Qxd5 10. a3 {[%emt 0:00:46] The position is equal.} (10. Bxc7 Bb4+ 11. Nd2 Qxa2 $15) (10. Bd3 {looks sharper.} c5 11. O-O Nc6 12. dxc5 Rad8 13. Bb1) 10... Qa5+ 11. Qd2 Qxd2+ 12. Nxd2 c5 13. dxc5 Rc8 {[%emt 0:00:43] [#]} 14. Bc4 $146 ({Predecessor:} 14. b4 bxc5 15. b5 a6 16. bxa6 Bxa6 17. Bxa6 Rxa6 18. Nc4 Nc6 19. Ke2 Na5 20. a4 {½-½ (28) Makhnev,D (2513)-Szabo,G (2531) Chess.com INT 2021}) 14... Rxc5 15. O-O Nd7 16. Nb3 Rcc8 17. Bb5 Nf6 18. h3 a6 19. Be2 Bd5 20. Nd2 b5 21. Rfd1 h6 22. Be5 Nd7 23. Bd4 Bf6 24. Bxf6 Nxf6 25. Kf1 Kf8 26. Bf3 Rd8 27. Ke2 Rac8 28. Bxd5 Nxd5 29. Nb3 Ke8 30. Nc5 Rc6 31. Nb7 Rxc1 32. Rxc1 $11 {[%emt 0:00:07][%mdl 4096] Endgame KRN-KRN} Rb8 33. Na5 Kd7 34. Nc6 Rb7 35. Ne5+ Kd6 36. f4 f6 37. Rc6+ Ke7 38. Nd3 Rb6 39. Rc8 Rd6 40. Nc5 a5 41. g3 f5 (41... a4 $1 $14) 42. e4 $16 fxe4 43. Nxe4 Rb6 44. Kd3 $1 a4 45. Ra8 (45. Kd4 $16) 45... Rc6 (45... Nc7 $5 46. Rc8 Kd7 $14) 46. Rg8 Kf7 47. Rb8 Nc7 $1 48. Rc8 Ke7 $1 49. Nc3 Rd6+ (49... Rc5 $11) 50. Kc2 $1 Rc6 {[%emt 0:02:10] [#]} 51. Kb1 $1 Kd7 52. Rg8 {[%emt 0:00:00] White is more active.} Ne8 53. Nxb5 Ke7 54. Nc3 Rc4 55. Kc2 {[%emt 0:00:00] Threatens to win with Kd3.} Rd4 56. Nb5 Rc4+ 57. Nc3 ({White should try} 57. Kd2 $16 {[%cal Og8e8] aiming for Rxe8+!} Rc6 58. Nc3) 57... Kf7 (57... Rd4 $1 $11) 58. Rh8 {[%emt 0:00:50] Strongly threatening Kd3.} Rc5 59. Kd3 Rh5 60. h4 (60. Nxa4 Rxh3 61. Nc3 Rxg3+ 62. Kc2 Rg2+ 63. Kb3 Ke7 $11) 60... Ra5 61. g4 Ra8 62. g5 h5 63. Ne4 {[%emt 0:00:30] And now Nd6+ would win.} ({Much less strong is} 63. Rxh5 Nd6 $16) 63... Rd8+ 64. Ke3 Rd1 (64... Rd5 $16 65. Ke2 (65. Rxh5 Kg8 $16) 65... g6) 65. Rxh5 $18 Rb1 {[%emt 0:00:11] [#]} 66. g6+ (66. Rh8 $1 $18) 66... Kxg6 $14 67. Rg5+ Kh6 68. Rg2 Rh1 69. Nc5 Rxh4 (69... Nc7 $16 70. Ke4 (70. Nxa4 Nd5+ 71. Kf3 Rxh4 $16) 70... Rxh4) 70. Nxe6 $18 g6 (70... Kh7 {is a better defense.} 71. Nc5 Nf6) 71. Kd4 $2 (71. Nf8 $18) 71... Nf6 $2 {[%emt 0:01:04][%mdl 8192] This move loses the game for Black.} (71... Ng7 $16 {was called for.} 72. Nxg7 Kxg7) 72. Kc5 Nh5 73. Rf2 Rh3 (73... Kh7 $142 74. Kb5 Kg8 75. Kxa4 Kf7) 74. Kb4 {[%emt 0:00:13] White is clearly winning.} Re3 75. Nc5 {[%emt 0:00:11] Against Re4+} Kg7 76. Kxa4 Kf6 (76... Nf6 $142 77. Kb5 Re8) 77. b4 Ke7 78. b5 Kd6 79. Na6 Re4+ 80. Ka5 Nxf4 81. Rd2+ Ke7 82. Nb4 Ne6 83. b6 Nc5 84. Rd5 (84. Nc6+ $142 Kf6 85. Kb5) 84... Nb7+ 85. Ka6 Nd6 86. b7 Nxb7 87. Kxb7 Re3 88. a4 Rb3 89. Rb5 {[%emt 0:00:05] Weighted Error Value: White=0.06 (flawless) /Black=0.06 (flawless)} 1-0

[Event "Czech Open-GM 2022"]
[Site "Pardubice"]
[Date "2022.07.25"]
[Round "4.7"]
[White "Haring, Filip"]
[Black "Dixit, Nikhil"]
[Result "0-1"]
[ECO "C02"]
[WhiteElo "2451"]
[BlackElo "2325"]
[Annotator "TA"]
[PlyCount "84"]
[EventDate "2022.07.22"]
[EventType "swiss"]
[EventCountry "CZE"]
[SourceTitle "playchess.com"]
[Source "ChessBase"]
[SourceQuality "1"]
[TimeControl "40/5400+30:1800+30"]

1. e4 e6 2. d4 d5 3. e5 c5 4. c3 Nc6 5. Nf3 Bd7 6. Be2 Nge7 7. Na3 Nf5 8. O-O cxd4 9. cxd4 Qb6 10. Nc2 Be7 11. Bd3 a5 {[%emt 0:02:29][%cal Rf5d4] C02: French: Advance Variation.} (11... Ncxd4 $2 12. Nfxd4 Nxd4 13. Be3 $18) 12. Bxf5 exf5 {[%emt 0:00:04] [#]} 13. g3 $146 ({Predecessor:} 13. Bg5 Bf8 14. h4 h6 15. Be3 Be7 16. h5 Rc8 17. Nfe1 a4 18. Nd3 Na5 19. Nc5 {½-½ (66) Shirov,A (2662)-Bluebaum,M (2672) Tornelo INT 2020}) 13... a4 {[%emt 0:05:33] The position is equal.} 14. Ne3 Qb5 15. h4 Rc8 16. b3 a3 17. Nc2 Qa6 18. Bg5 h6 19. Bxe7 Nxe7 20. Nb4 Qg6 21. Nd3 Qg4 22. Nc5 f4 $1 23. Nh2 Qxd1 24. Rfxd1 b6 25. Nb7 {[%emt 0:01:53] [#] aiming for Nd6+.} Nf5 (25... O-O $1 $15) 26. Nf3 $2 {[%emt 0:04:46] White is on the road to losing.} (26. g4 $11 Rb8 27. gxf5 Rxb7 28. Kg2) 26... fxg3 $19 27. fxg3 Ke7 ({Weaker is} 27... Rc3 28. g4 $17) 28. g4 Ne3 29. Rd3 Nc2 (29... Nxg4 30. b4 $17) 30. Rb1 Nb4 ({Worse is} 30... Bxg4 31. Nd6 $17) 31. Rd2 Bxg4 32. Nh2 Bf5 33. Rf1 Bd3 34. Rfd1 Rc2 35. Nd6 (35. Rxc2 $142 Bxc2 36. Ra1) 35... Rxd2 {[%emt 0:00:44] Black is clearly winning.} 36. Rxd2 Bb1 37. Rd1 (37. Rf2 $142 Bxa2 38. Rxf7+ Ke6 39. Ra7) 37... Bxa2 38. Rc1 Bxb3 {[%emt 0:01:13] White must now prevent ...a2.} 39. Rc7+ Ke6 40. Ra7 a2 41. Nf3 Nc2 42. Nxf7 Rf8 {[%emt 0:01:07] Weighted Error Value: White=0.69/Black=0.04 (flawless)} 0-1

[Event "Czech Open-GM 2022"]
[Site "Pardubice"]
[Date "2022.07.25"]
[Round "4.8"]
[White "Pantzar, Milton"]
[Black "Slovak, Kilian"]
[Result "1/2-1/2"]
[ECO "E94"]
[WhiteElo "2447"]
[BlackElo "2321"]
[Annotator "TA"]
[PlyCount "79"]
[EventDate "2022.07.22"]
[EventType "swiss"]
[EventCountry "CZE"]
[SourceTitle "playchess.com"]
[Source "ChessBase"]
[SourceQuality "1"]
[TimeControl "40/5400+30:1800+30"]

1. d4 Nf6 2. c4 g6 3. Nc3 Bg7 4. e4 O-O 5. Nf3 d6 6. Be2 e5 7. O-O Bg4 8. d5 a5 9. h3 {[%emt 0:03:13] E94: King's Indian: Classical: 6 Be2 e5 7 0-0: Various Black 7th moves.} Bd7 {[%emt 0:00:17] [#]} 10. Re1 $146 ({Predecessor:} 10. c5 Na6 11. cxd6 cxd6 12. Be3 b5 13. Nd2 Nc7 14. a4 Qb8 15. axb5 Nxb5 16. Nxb5 Bxb5 17. Bxb5 Qxb5 {1-0 (44) Lenderman,A (2624)-Jacobson,B (2514) New York 2021}) 10... Na6 11. Rb1 {[%emt 0:03:10] White has an edge.} Nc5 12. Bf1 Nh5 13. Be3 Qe8 14. a3 f5 15. b4 ({Better is} 15. Bxc5 $16 {Be3 is the strong threat.} dxc5 16. d6) 15... axb4 $11 (15... fxe4 16. bxc5 exf3 17. cxd6 cxd6 18. Ne4 $14) 16. axb4 Na4 17. Nxa4 Rxa4 (17... Bxa4 $11 {remains equal.} 18. Qe2 (18. Qd3 fxe4 19. Qxe4 Bd7 $15) 18... Bd7) 18. c5 {[%emt 0:03:58][%cal Oc5c6] [#] Black must now prevent c6!} Ra8 19. b5 {[%emt 0:09:56] And now c6 would win.} fxe4 20. Ng5 Bh6 21. b6 cxb6 (21... Bxg5 $16 {might work better.} 22. Bxg5 Qf7) 22. Rxb6 $18 dxc5 23. Rxb7 Qc8 (23... Bxg5 {was necessary.} 24. Bxg5 Rb8) 24. Rb2 (24. Qb3 $18) 24... Ra3 (24... Bxg5 $16 25. Bxg5 Ra4) 25. h4 (25. Nxe4 $6 Bxe3 26. Rxe3 Rxe3 27. fxe3 c4) 25... Nf6 26. Qc1 Qa8 27. d6 {[%emt 0:01:59] Threatens to win with Bc4+.} (27. Bxc5 Rc8 $16) 27... Ng4 28. Bxc5 Ra5 29. Bb6 e3 $2 (29... Ra4 30. Rc2 Qb8) 30. Qc7 Bxg5 (30... exf2+ $2 31. Rxf2 Nxf2 32. Qxd7 Bxg5 33. hxg5) 31. hxg5 (31. Qxd7 $18 Ra1 32. Qe6+ (32. hxg5 Rxe1 33. Qxg4 Rxf1+ 34. Kh2 Kh8 $17) 32... Kh8 33. Rxa1 (33. hxg5 $2 Rxe1 34. Qxg4 Rxf1+ 35. Kh2 exf2 $19) 33... Qxa1 {[#]} 34. Qxg4 $1 (34. Qa2 exf2+ 35. Rxf2 Qxa2 $14) 34... Qxb2 35. Qxg5 Qxf2+ 36. Kh2) 31... Ra1 $16 (31... exf2+ $2 32. Rxf2 Rxf2 33. Bxf2 $18) 32. Qxd7 Rxe1 $11 33. Qe6+ $2 (33. Qxg4 $11 Rxf1+ 34. Kh2) 33... Kh8 $19 34. Ra2 e2 $2 (34... Qe4 {mates} 35. f3 e2 36. Rxe2 Qxe2 37. Qxg4 Rxf1+ 38. Kh2 Qe1 39. Bf2 Qxf2 40. Qe4 Re1 41. Qxe1 Qxe1 42. d7 Rd8 43. g3 Rxd7 44. f4 Rd2+ 45. Kh3 Qh1+ 46. Kg4 Qh5#) 35. Rxe2 $11 {[%emt 0:00:17] The board is on fire. The position is equal.} Rxf1+ 36. Kxf1 {[%emt 0:00:02] Strongly threatening d7.} Qa1+ 37. Re1 {[%emt 0:00:08] Active counter play!} Qa6+ 38. Re2 Qa1+ 39. Re1 Qa6+ 40. Re2 {[%emt 0:00:08] Weighted Error Value: White=0.94/Black=0.40} 1/2-1/2

[Event "Czech Open-GM 2022"]
[Site "Pardubice"]
[Date "2022.07.25"]
[Round "4.9"]
[White "Hansch, Karsten"]
[Black "Akesson, Ralf"]
[Result "1-0"]
[ECO "B40"]
[WhiteElo "2320"]
[BlackElo "2427"]
[Annotator "TA"]
[PlyCount "71"]
[EventDate "2022.07.22"]
[EventType "swiss"]
[EventCountry "CZE"]
[SourceTitle "playchess.com"]
[Source "ChessBase"]
[SourceQuality "1"]
[TimeControl "40/5400+30:1800+30"]

1. e4 c5 2. Nf3 e6 3. b3 b6 4. d4 cxd4 5. Nxd4 Bb7 6. Nd2 {[%emt 0:00:42] B40: Sicilian: 2...e6, Unusual lines.} Nc6 7. Nxc6 Bxc6 8. Bb2 {[%emt 0:00:19] Prevents Qf6. The position is equal.} d6 9. Bd3 Nf6 10. Qe2 Be7 11. O-O-O O-O 12. f4 {[%emt 0:01:40] [#]} Nd7 $146 ({Predecessor:} 12... Qc7 13. Kb1 Rfc8 14. h4 Nd7 15. Rh3 Nc5 16. h5 e5 17. fxe5 dxe5 18. Bc4 b5 {½-½ (85) Vachier Lagrave,M (2762)-Van Wely,L (2654) Dubai 2014}) 13. h4 (13. Qg4 Bf6 $11) 13... Nc5 14. Nf3 (14. Qg4 Bf6 $15) 14... Qc7 15. h5 a5 16. Rh3 (16. Nd4 $1 $14) 16... d5 $11 17. e5 (17. exd5 $14 {stays ahead.} Qxf4+ 18. Kb1 Bxd5 19. Ne5) 17... a4 $17 18. f5 {[%emt 0:02:34] aiming for f6.} axb3 19. axb3 exf5 20. Bxf5 Ra2 (20... Bd7 $17 21. Bxd7 Qxd7) 21. Nd4 $11 Rfa8 {[%emt 0:05:31] Hoping for ...Bd7.} 22. Rg3 $1 Bf8 (22... Ne4 $6 23. Bxe4 dxe4 24. Nxc6 Qxc6 25. e6 Qxe6 26. Bxg7 $17) 23. Qe3 $36 {[%emt 0:09:52][%mdl 2048] White is pushing.} Bd7 {[%emt 0:05:35] Strongly threatening ...Qa7.} (23... g6 24. hxg6 fxg6 25. Bxg6 $1 $18 ) 24. e6 $1 fxe6 (24... Rxb2 $1 $11 25. exf7+ (25. Kxb2 fxe6 26. Nxe6 Qd6 $11) (25. exd7 $2 Rba2 $19) 25... Kh8 26. Kxb2 Bxf5 27. Rxg7 (27. Nxf5 Ne4 $15) (27. Qe8 Qa7 $11) 27... Kxg7 28. Qg5+ Kxf7 29. Qxf5+ Kg7 30. h6+ (30. Ra1 $2 Rxa1 31. h6+ Kg8 $19) 30... Kh8 31. Qf6+ Kg8 32. Qg5+ Kh8 33. Qf6+ Kg8 34. Qg5+ Kh8 35. Qf6+) 25. Nxe6 $16 Bxe6 26. Bxe6+ Nxe6 27. Qxe6+ Kh8 {[%emt 0:00:29] [#]} 28. Qe5 $1 {[%emt 0:02:07] Really sharp! White is much more active.} Qa7 {[%emt 0:05:34][%mdl 8192] This move loses the game for Black.} (28... Qxe5 $16 29. Bxe5 Rc8) 29. h6 $18 Rxb2 30. Kxb2 (30. Qxb2 $2 {perishes.} Ba3 31. Rgd3 Bxb2+ $19) 30... Qa2+ (30... Qa3+ $2 31. Kc3 Qb4+ 32. Kd3 Qe4+ 33. Qxe4 dxe4+ 34. Kxe4) 31. Kc1 Ba3+ (31... Qa1+ $18 32. Qxa1 Rxa1+ 33. Kd2 Ra8 34. hxg7+ Bxg7) 32. Kd2 {[%emt 0:00:07][%csl Gg3,Gh6][%cal Re5g7] White mates.} Bb4+ 33. Ke3 Bc5+ {[%emt 0:00:44] [#]} 34. Rd4 $1 Bxd4+ 35. Qxd4 ({Worse is} 35. Kxd4 Qa1+ 36. c3 Qd1+ 37. Rd3 Qg1+ 38. Qe3 (38. Re3 Qd1+ 39. Rd3 Qg1+ 40. Qe3 Qxg2 $11) 38... Qxg2 39. hxg7+ Qxg7+ 40. Qe5 Re8 41. Qxg7+ Kxg7 $11) 35... Re8+ 36. Kd2 {[%emt 0:00:04] Weighted Error Value: White=0.11 (very precise) /Black=0.52} 1-0

[Event "Czech Open-GM 2022"]
[Site "Pardubice"]
[Date "2022.07.25"]
[Round "4.10"]
[White "Tahay, Alexis"]
[Black "Dubinski, Mateusz"]
[Result "1-0"]
[ECO "B92"]
[WhiteElo "2393"]
[BlackElo "2206"]
[Annotator "TA"]
[PlyCount "95"]
[EventDate "2022.07.22"]
[EventType "swiss"]
[EventCountry "CZE"]
[SourceTitle "playchess.com"]
[Source "ChessBase"]
[SourceQuality "1"]
[TimeControl "40/5400+30:1800+30"]

1. e4 c5 2. Nf3 d6 3. d4 cxd4 4. Nxd4 Nf6 5. Nc3 a6 6. Be2 e5 7. Nb3 Be7 8. O-O O-O 9. Qd3 Be6 10. Rd1 {[%emt 0:00:17] B92: Sicilian Najdorf: 6 Be2.} Nbd7 11. Nd5 Bxd5 12. exd5 {[%emt 0:00:05] The position is equal.} Rc8 13. c4 {[%emt 0:07:35] [#]} a5 $146 ({Predecessor:} 13... Ne8 14. Bd2 b6 15. Bg4 g6 16. Bxd7 Qxd7 17. Be3 Qd8 18. Nd2 a5 19. a3 Nf6 {½-½ (55) Grinberg,E (2492)-Beukes,D (2138) Dulles 2022}) 14. Bd2 b6 15. Rab1 g6 16. Na1 (16. Bh6 {with more complications.} Re8 17. Rdc1 Bf8 18. Be3) 16... Ne8 (16... Nc5 $5 17. Qc2 Nfe4 $11) 17. Qe3 f5 18. Nc2 Nef6 19. Na3 Ne4 20. Be1 Bg5 21. Qh3 Ndf6 22. Nb5 Qd7 23. b3 h5 24. a3 Bh6 25. b4 a4 {[%emt 0:00:32] [#]} 26. Qd3 ({White should try} 26. f3 $1 $16 Be3+ 27. Kh1 Nf2+ 28. Bxf2 Bxf2 29. Bd3) 26... Ng5 $11 27. Bd2 h4 28. Rf1 Nfe4 (28... e4 $1 $11 29. Qd4 f4) 29. Bc1 $36 {[%emt 0:01:23][%mdl 2048] Black is under strong pressure.} h3 {[%emt 0:00:47] And now ...hxg2 would win.} 30. g4 Nf6 (30... Qg7 $16) 31. gxf5 $18 gxf5 {[%emt 0:00:12] [#]} 32. Kh1 $1 {[%emt 0:00:43] Black must now prevent Rg1.} Rf7 (32... f4 $142) 33. f4 exf4 34. Bxf4 Nfe4 35. Nd4 Rcf8 $2 (35... Qe7 36. Bh5 Rf6) 36. Ne6 Nxe6 37. Bxh6 Ng7 38. Qxh3 Qe7 39. Rbe1 (39. Bd3 $142) 39... Qe5 (39... Re8 40. Rf3 Nf6) 40. Qg2 Qc3 41. Rg1 Kh7 $2 {[%emt 0:00:00] [#]} (41... Qf6 42. Bc1 Qh4) 42. Ref1 $1 Re7 {[%emt 0:04:32] [#]} (42... Ng3+ 43. hxg3) 43. Bf3 $1 {[%emt 0:02:40] Hoping for Bxe4. A strong pair of Bishops.} Rff7 (43... Qe5 44. Bc1) 44. Bxe4 Rxe4 45. Rxf5 $2 Rxf5 $16 46. Qg6+ (46. Qxe4 $6 Kxh6 47. Rxg7 Kxg7 $11) (46. Bxg7 $2 Qf3 47. Bb2 (47. Qxf3 $2 Rxf3 48. c5 bxc5 $19) 47... Rxc4 48. Qxf3 Rxf3 49. Rg7+ Kh6 $19) 46... Kg8 {[%emt 0:00:28] aiming for ...Qf3+.} 47. Qxf5 {[%emt 0:00:10] Chess con chili.} ({But not} 47. Qxg7+ $2 Qxg7 48. Rxg7+ Kh8 $19) 47... Re1 {( -> ...Rxg1+)} 48. Qg4 {Weighted Error Value: White=0.45/Black=0.31} ({Not} 48. Bxg7 Rxg1+ 49. Kxg1 Qxg7+ 50. Kf2 Qb2+ 51. Ke1 Qc3+ 52. Kf2 Qb2+ 53. Kg1 Qc1+ 54. Qf1 (54. Kg2 Qb2+ 55. Kh1 Qc1+ 56. Kg2 Qb2+ 57. Qf2 Qxa3 $11) 54... Qe3+ 55. Kg2 Qxa3 $11) 1-0

[Event "Czech Open-GM 2022"]
[Site "Pardubice"]
[Date "2022.07.25"]
[Round "4.11"]
[White "Niedbala, Bartlomiej"]
[Black "Taborsky, Rostislav"]
[Result "1-0"]
[ECO "B48"]
[WhiteElo "2381"]
[BlackElo "2192"]
[Annotator "TA"]
[PlyCount "63"]
[EventDate "2022.07.22"]
[EventType "swiss"]
[EventCountry "CZE"]
[SourceTitle "playchess.com"]
[Source "ChessBase"]
[SourceQuality "1"]
[TimeControl "40/5400+30:1800+30"]

1. e4 c5 2. Nf3 e6 3. d4 cxd4 4. Nxd4 Nc6 5. Nc3 Qc7 6. Be3 a6 7. Qf3 {[%emt 0:00:06] B48: Sicilian: Taimanov: 5 Nc3 Qc7 6 Be3 a6 without Be2.} Nf6 8. O-O-O Nxd4 {[%emt 0:08:44] Recently 8...Rb8 got a lot of attention.} 9. Bxd4 {[%emt 0:01:24] The position is equal.} e5 10. Qg3 d6 11. Be3 b5 12. f4 $36 {[%emt 0:03:28][%mdl 2048] fxe5 is the strong threat. Black is under pressure.} b4 13. Nd5 Nxd5 14. exd5 {[%emt 0:00:03] Black must now prevent fxe5.} ({Much worse is} 14. Rxd5 Be6 $15) 14... Bf5 15. Bd3 Bxd3 16. Rxd3 {[%emt 0:00:29] [#] Strongly threatening fxe5.} f6 $146 ({Predecessor:} 16... Rc8 17. Rd2 f6 18. fxe5 dxe5 19. Re1 Bd6 20. h4 O-O 21. Kb1 a5 22. h5 a4 {0-1 (39) Nilsen,T (2169)-Gasanov,Z (2231) Chess.com INT 2021}) 17. Kb1 Kf7 18. Rhd1 Be7 (18... Re8 $16 19. fxe5 Rxe5) 19. fxe5 $18 {[%emt 0:01:16] Threatens to win with e6+.} fxe5 20. Qg4 ({White should try} 20. Rf1+ $18 Bf6 21. Qg4) 20... Rhf8 $16 21. Qxb4 {[%emt 0:10:14] 0x0.001e39e7b451dp-1022s more active pieces.} Rab8 22. Qe4 Kg8 23. Rc1 a5 24. Rb3 Qd7 25. Rxb8 Rxb8 26. c4 a4 27. Rc2 Rb4 {[%emt 0:01:36] [#]} (27... Bf8 $16 {was worth a try.} 28. Rf2 g6) 28. Rf2 $2 (28. a3 $1 $18 Rb8 29. c5) 28... Qc8 $1 $11 29. Rc2 {[%emt 0:00:42] aiming for a3.} Bd8 $2 (29... Qd7 $1 $11 {and Black is okay.}) 30. a3 $18 Rb3 31. c5 dxc5 $2 {[%emt 0:00:28] [#]} (31... Qa6 32. c6 Qf1+ 33. Bc1 Qf7 34. Qxa4 Rb8) 32. Qxa4 $1 {[%emt 0:00:11] Weighted Error Value: White=0.20 (precise) /Black=0.33} 1-0

[Event "Czech Open-GM 2022"]
[Site "Pardubice"]
[Date "2022.07.25"]
[Round "4.12"]
[White "Frank, Adam"]
[Black "Neuman, Petr"]
[Result "1/2-1/2"]
[ECO "B33"]
[WhiteElo "2313"]
[BlackElo "2378"]
[Annotator "TA"]
[PlyCount "75"]
[EventDate "2022.07.22"]
[EventType "swiss"]
[EventCountry "CZE"]
[SourceTitle "playchess.com"]
[Source "ChessBase"]
[SourceQuality "1"]
[TimeControl "40/5400+30:1800+30"]

1. e4 c5 2. Nf3 Nc6 3. d4 cxd4 4. Nxd4 Nf6 5. Nc3 e5 6. Ndb5 d6 7. Bg5 a6 8. Na3 b5 9. Nd5 Be7 10. Bxf6 Bxf6 11. c3 O-O 12. Nc2 Rb8 13. a4 bxa4 14. Ncb4 Nxb4 15. cxb4 {[%emt 0:04:13] 15.cxb4 scores better than 15.Nxb4.} Bb7 16. Rxa4 Qc8 {[%emt 0:00:24] B33: Sicilian: Pelikan and Sveshnikov Variations.} 17. Nc3 {[%emt 0:19:38] [#]} d5 $146 ({Predecessor:} 17... Rd8 18. Be2 Bc6 19. Bxa6 Bxa4 20. Qxa4 Qg4 21. O-O d5 22. f3 Qf4 23. Nxd5 Rxd5 24. exd5 Qd4+ 25. Kh1 Qxb4 26. Qxb4 Rxb4 27. Rc1 g6 {½-½ (27) Huergo,J (2285)-Cruz Lima,J (2325) Cuba 1983}) 18. Nxd5 Rd8 (18... Bxd5 $15 19. exd5 Be7 20. Bxa6 (20. d6 Bxd6 21. Bxa6 Bxb4+ 22. Rxb4 Qxa6 $17) 20... Bxb4+ 21. Rxb4 Qxa6 22. Rxb8 Rxb8) 19. Be2 Bc6 {[%emt 0:08:43] [#]} 20. O-O $1 Bxa4 21. Qxa4 Rd6 22. g3 Qc6 23. Qxc6 Rxc6 24. b3 $1 Kf8 25. Ra1 Bd8 26. Bxa6 Bb6 27. Bc4 Bd4 28. Ra5 g6 29. b5 Rcc8 30. Ra6 Rd8 31. Rc6 Rb7 32. b6 Rdb8 33. Ba6 Rxb6 34. Nxb6 Rxb6 35. Rc8+ (35. Rxb6 $14 Bxb6 36. Kf1) 35... Kg7 $11 {[%emt 0:00:11] The position is equal.} 36. Bc4 Rf6 37. Rc7 Bxf2+ 38. Kg2 {[%emt 0:00:08] Weighted Error Value: White=0.07 (flawless) /Black=0.08 (flawless)} 1/2-1/2